 Dungeon Crawl Stone Soup version 0.28.0-45-g0d030f2227 (webtiles) character file.

Game seed: 3796641012097708604

578 protoss039 the Firebug (level 7, -5/36 HPs)
             Began as a Gargoyle Fire Elementalist on Apr 24, 2022.
             Slain by a gnoll
             ... wielding a +0 spear
              (6 damage)
             ... on level 4 of the Dungeon.
             The game lasted 00:06:08 (4960 turns).

protoss039 the Firebug (Gargoyle Fire Elementalist) Turns: 4960, Time: 00:06:08

Health: -5/36      AC:  9    Str: 11    XL:     7   Next: 36%
Magic:  3/13       EV: 11    Int: 18    God:
Gold:   204        SH:  0    Dex: 10    Spells: 11/14 levels left

rFire   . . .      SeeInvis .   h - +2 short sword (venom)
rCold   . . .      Faith    .   (no shield)
rNeg    + + .      Spirit   .   b - +2 robe {rN+}
rPois   ∞          Reflect  .   (no helmet)
rElec   +          Harm     .   (no cloak)
rCorr   .          Rampage  .   a - +0 pair of gloves
Will    .....                   (no boots)
Stlth   ++........              r - amulet of the acrobat
HPRegen 0.12/turn               (no ring)
MPRegen 0.13/turn               (no ring)

@: no status effects
A: sickness immunity, AC +4, negative energy resistance 1, electricity
resistance, torment resistance 1, petrification resistance
a: no special abilities


You were on level 4 of the Dungeon.
You visited 1 branch of the dungeon, and saw 4 of its levels.

You collected 204 gold pieces.

Inventory:

Hand Weapons
 h - a +2 short sword of venom (weapon)
Missiles
 f - 88 stones
Armour
 a - a +0 pair of gloves (worn)
 b - a +2 robe of positive energy (worn)
Jewellery
 r - an amulet of the acrobat (around neck)
Scrolls
 c - a scroll of enchant armour {unknown}
 d - a scroll of noise {unknown}
 g - 2 scrolls of teleportation {unknown}
 i - 3 scrolls of identify {unknown}
 k - a scroll of summoning {unknown}
 m - a scroll of magic mapping {unknown}
 o - a scroll of blinking {unknown}
 p - a scroll of fear {unknown}
Potions
 e - a potion of curing
 j - a potion of berserk rage {unknown}
 l - a potion of heal wounds {unknown}
 n - 2 potions of invisibility {unknown}
 q - a potion of attraction {unknown}


   Skills:
 - Level 1.5 Dodging
 - Level 2.1 Stealth
 + Level 4.4 Spellcasting
 + Level 4.8 Conjurations
 + Level 5.3 Fire Magic


You had 11 spell levels left.
You knew the following spells:

 Your Spells              Type           Power      Damage    Failure   Level
a - Foxfire               Conj/Fire      88%        2x1d8     1%          1
b - Scorch                Fire           46%        2d7       2%          2

Your spell library contained the following spells:

 Spells                   Type           Power      Damage    Failure   Level
 Conjure Flame            Conj/Fire      22%        6-21      5%          3
 Freeze                   Ice            12%        1d4       14%         1
 Inner Flame              Hex/Fire       13%        N/A       14%         3
 Dazzling Flash           Conj/Hex       24%        N/A       16%         3
 Flame Wave               Conj/Fire      22%        2d7       17%         4
 Call Canine Familiar     Summ           3%         N/A       38%         3
 Portal Projectile        Hex/Tloc       6%         N/A       38%         3
 Iskenderun's Mystic Bla  Conj/Tloc      12%        2d5       45%         4
 Animate Dead             Necr           1%         N/A       80%         4
 Leda's Liquefaction      Hex/Erth       1%         N/A       80%         4
 Starburst                Conj/Fire      11%        6d5       95%         6
 Haunt                    Necr/Summ      1%         N/A       100%        7
 Infestation              Necr           1%         N/A       100%        8


Dungeon Overview and Level Annotations

Branches:
Dungeon (4/15)
 Temple: D:4-7

Altars:
Elyvilon


Innate Abilities, Weirdness & Mutations

You are immune to sickness and miasma.
Your stone body is resilient. (AC +4)
You are immune to poison.
You resist negative energy. (rN+)
You are resistant to electric shocks. (rElec)
You are resistant to unholy torment.
You are immune to petrification.


Message History

Casting: Foxfire (safe; 1% risk of failure)
Confirm with . or Enter, or press ? or * to list all spells.
You conjure some foxfire!
The gnoll closely misses you.
Unknown command.
Unknown command.
Casting: Foxfire (safe; 1% risk of failure)
Confirm with . or Enter, or press ? or * to list all spells.
Flames lash the gnoll.
The gnoll is severely wounded.
The gnoll's fire resistance burns away.
The foxfire hits the gnoll.
The gnoll is almost dead.
The foxfire hits the gnoll.
The gnoll is burned terribly!
You kill the gnoll!
The gnoll throws a throwing net.
The throwing net hits you.
You become entangled in the net!
Unknown command.
Unknown command.
You struggle against the net.
The gnoll sergeant hits you from afar with a +3 antimagic spear.
Unknown command.
You struggle against the net.
The gnoll sergeant hits you from afar with a +3 antimagic spear!
* * * LOW HITPOINT WARNING * * *
You feel your power leaking away.
Unknown command.
You struggle against the net.
The gnoll sergeant hits you from afar with a +3 antimagic spear.
* * * LOW HITPOINT WARNING * * *
Unknown command.
You feel better.
The gnoll sergeant hits you from afar with a +3 antimagic spear.
The gnoll hits you with a +0 whip.
* * * LOW HITPOINT WARNING * * *
Unknown command.
You shred the net and break free!
The gnoll sergeant hits you from afar with a +3 antimagic spear!
* * * LOW HITPOINT WARNING * * *
You feel your power leaking away.
The gnoll hits you from afar with a +0 spear.
You die...

##.## ##.####
##.#.## #......
##.###.#######..#...
#.## ##.....##..#.##
##.###.##...........
##.#.###...##.#####
####.#########......
#.......# #######
#.g@....### #.
#.)≈≈≈≈≈≈≈≈≈#######.
#gg≈##≈≈≈##≈.....##.
#.g≈#######≈.....##.
#..≈≈#...#≈≈........
#....'..(#≈≈.....###
###≈≈#...#≈≈.|..[#
#≈#######≈######
#≈##≈≈≈##≈


You could see a gnoll sergeant and 3 gnolls.

Vanquished Creatures
  Sigmund (D:2)
  An ogre (D:4)
  A bullfrog zombie (D:4)
  2 orc priests
  2 orc wizards
  Natasha (twice) (D:2)
  A gnoll (D:4)
  A howler monkey skeleton (D:4)
  5 adders
  An adder skeleton (D:4)
  A worm (D:4)
  9 orcs
  4 bats
  6 endoplasms
  2 giant cockroaches
  6 goblins
  6 hobgoblins
  7 kobolds
  5 quokkas
  5 ball pythons
  2 frilled lizards
  A rat (D:3)
71 creatures vanquished.

Vanquished Creatures (collateral kills)
  A foxfire (D:1)
1 creature vanquished.

Vanquished Creatures (others)
  122 foxfires
122 creatures vanquished.

Grand Total: 194 creatures vanquished

Notes
Turn   | Place    | Note
-------+----------+-------------------------------------------
     0 | D:1      | protoss039 the Gargoyle Fire Elementalist began the quest
                  | for the Orb.
     0 | D:1      | Reached XP level 1. HP: 10/10 MP: 3/3
   148 | D:1      | Reached XP level 2. HP: 15/15 MP: 0/5
   768 | D:1      | Learned a level 2 spell: Scorch
   818 | D:2      | Noticed Sigmund
   822 | D:2      | Reached XP level 3. HP: 19/19 MP: 3/6
  1468 | D:2      | Found a white marble altar of Elyvilon.
  1812 | D:2      | Noticed Natasha
  1848 | D:2      | Killed Natasha
  1849 | D:2      | Reached XP level 4. HP: 5/24 MP: 0/8
  2414 | D:2      | Killed Sigmund
  2415 | D:2      | Reached skill level 4 in Fire Magic
  2415 | D:2      | Reached XP level 5. HP: 8/28 MP: 1/10
  2415 | D:2      | Reached XP level 6. HP: 9/32 MP: 1/11
  2909 | D:2      | Noticed Natasha
  2915 | D:2      | Killed Natasha
  3550 | D:3      | Found a faded altar of an unknown god.
  3559 | D:3      | Got Plato's Reference Book on the Snowflakes
  4139 | D:4      | Reached skill level 5 in Fire Magic
  4139 | D:4      | Reached XP level 7. HP: 36/36 MP: 4/13
  4960 | D:4      | HP: 1/36 [gnoll sergeant/+3 antimagic spear (7)]
  4960 | D:4      | Slain by a gnoll

Illustrated notes

Levels and vault maps discovered:
D:1:      tarquinn_simple_flora_water_a, layout_rooms, serial_park_tiny_1
D:2:      layout_basic, basic_altar, uniq_natasha, uniq_sigmund
D:3:      layout_basic, shapermc_ecumenical_altar_rom_forum,
          nicolae_underground_beach
D:4:      layout_loops_cross, serial_glass, glass_columns_a, glass_columns_b,
          lightli_minifort

Skill      XL: |  1  2  3  4  5  6 |
---------------+-------------------+-----
Conjurations   | 2 3 4 |  4.8
Spellcasting   | 3 4 |  4.4
Fire Magic     | 4 5 |  5.3
Dodging        | |  1.5
Stealth        | |  2.1

Action                   |  1- 3 |  4- 6 |  7- 9 || total
-------------------------+-------+-------+-------++-------
Melee: Unarmed           |     1 |       |       ||     1
       Short sword       |    55 |    30 |    45 ||   130
       Whip              |     4 |       |       ||     4
       Punch             |       |       |     1 ||     1
 Cast: Foxfire           |    34 |    29 |    13 ||    76
       Scorch            |     2 |     8 |     6 ||    16
  Use: Potion            |     2 |       |     1 ||     3
 Stab: Sleeping          |     1 |     3 |     1 ||     5
       Distracted        |     1 |       |       ||     1
Armor: Robe              |    23 |    13 |    17 ||    53
Dodge: Dodged            |    48 |    17 |    32 ||    97
